 Dungeon Sprint DCSS version 0.17-a0-1567-gdd419b1 (webtiles) character file.

1003 OdinFK the Imperceptible (level 8, 0/57 HPs)
             Began as a Vampire Assassin on July 22, 2015.
             Slain by a demonic crawler (4 damage)
             ... in the Dungeon (Sprint I: "Red Sonja").
             The game lasted 00:02:39 (782 turns).

OdinFK the Imperceptible (Vampire Assassin)          Turns: 782, Time: 00:02:39

Health: 0/57       AC:  3    Str: 10    XL:     8   Next: 0%
Magic:  8/8        EV: 13    Int: 13    God:
Gold:   418        SH:  0    Dex: 18    Spells: 0 memorised, 7 levels left

rFire  . . .     SeeInvis +     a - +2 dagger
rCold  . . .     Clarity  .     c - +0 robe
rNeg   + . .     SustAt   .     (no shield)
rPois  .         Gourm    .     (no helmet)
rElec  .         Spirit   .     d - +0 cloak
rCorr  .         Warding  .     (no gloves)
rMut   .         NoTele   +     (no boots)
MR     .....                    (no amulet)
Stlth  +++++++++.               (no ring)
                                (no ring)

@: not resistant to hostile enchantments, incredibly stealthy
A: fangs 3, see invisible, unbreathing
a: Bat Form


You were in the Dungeon.
You were not thirsty.

You visited 1 branch You collected 418 gold pieces.

Inventory:

Hand weapons
 a - a +2 dagger (weapon)
 b - a +0 blowgun
Missiles
 e - 8 poisoned needles
 f - 2 curare-tipped needles
Armour
 c - a +0 robe (worn)
 d - a +0 cloak (worn)
Magical devices
 n - a wand of fireball (3)
Scrolls
 m - a scroll of blinking
Potions
 g - 2 potions of blood
 i - a potion of heal wounds
 j - a potion of haste
 k - 3 potions of magic
 l - a potion of berserk rage
 o - a potion of might {unknown}


   Skills:
 - Level 2.9 Fighting
 + Level 6.1 Short Blades
 - Level 2.7 Throwing
 - Level 2.7 Dodging
 * Level 22.2 Stealth


You had 7 spell levels left.
You didn't know any spells.

Dungeon Overview and Level Annotations

Branches:
Dungeon (1/1)

Altars:
Cheibriados
Dithmenos
Elyvilon
Fedhas
Gozag
Kikubaaqudgha
Makhleb
Nemelex Xobeh
Okawaru
Qazlal
Ru
Sif Muna
Trog
Vehumet
Xom
Yredelemnul
Zin
The Shining One
Jiyva

Shops:
D (


Innate Abilities, Weirdness & Mutations

You have razor-sharp teeth.
You have supernaturally acute eyesight.
You can survive without breathing.


Message History

The demonic crawler is lightly wounded.
The demonic crawler barely misses you. The demonic crawler hits you.
* * * LOW HITPOINT WARNING * * *
The demonic crawler hits you.
* * * LOW HITPOINT WARNING * * *
You hit the demonic crawler but do no damage.
You bite the demonic crawler, but do no damage.
The demonic crawler is lightly wounded.
The demonic crawler barely misses you. x2
The demonic crawler hits you!
* * * LOW HITPOINT WARNING * * *
You hit the demonic crawler but do no damage.
The demonic crawler is lightly wounded.
The demonic crawler closely misses you. The demonic crawler hits you.
* * * LOW HITPOINT WARNING * * *
The demonic crawler barely misses you.
You barely miss the demonic crawler.
The demonic crawler is lightly wounded.
The demonic crawler hits you.
You die...

#########################
#<.#..'.@#.)'..#__#..')..
#..'..#.)ss.#§§'..'..#...
#..#####'#####§#__####...
#..####..#...#§#### ####
#..#__####..##.#
#..#_..__##'#..'
#⌠⌠#_.∩...'..._#
####_..._##_.#'#
#_____###'#(#


You could see 2 demonic crawlers.

Vanquished Creatures
  A kobold demonologist (D)
  A slime creature (D)
  Sigmund (D)
  A yak (D)
  An ogre (D)
  Ijyb (D)
  A jelly (D)
  A giant eyeball (D)
8 creatures vanquished.

Vanquished Creatures (others)
  A kobold demonologist (D)
1 creature vanquished.

Grand Total: 9 creatures vanquished

Notes
Turn   | Place    | Note
--------------------------------------------------------------
     0 | D        | OdinFK the Vampire Assassin began the quest for the Orb.
     0 | D        | Reached XP level 1. HP: 16/16 MP: 1/1
     3 | D        | Noticed Ijyb
    19 | D        | Killed Ijyb
    19 | D        | Reached skill level 9 in Stealth
    19 | D        | Reached XP level 2. HP: 19/22 MP: 2/2
    24 | D        | Noticed an ogre
    26 | D        | Killed an ogre
    26 | D        | Reached skill level 12 in Stealth
    26 | D        | Reached XP level 3. HP: 23/28 MP: 3/3
    26 | D        | Reached XP level 4. HP: 27/34 MP: 4/4
    34 | D        | Noticed Sigmund
    37 | D        | Killed Sigmund
    37 | D        | Reached skill level 16 in Stealth
    37 | D        | Reached XP level 5. HP: 32/40 MP: 5/5
    53 | D        | Found a deep blue altar of Sif Muna.
    54 | D        | Noticed a jelly
    55 | D        | Found a radiant altar of Vehumet.
    59 | D        | Killed a jelly
    59 | D        | Reached XP level 6. HP: 40/46 MP: 6/6
    78 | D        | Found Rym Imisk's Weapon Emporium.
    78 | D        | Found a white marble altar of Elyvilon.
    78 | D        | Found a stormy altar of Qazlal.
    78 | D        | Found a basalt altar of Yredelemnul.
    78 | D        | Found an iron altar of Okawaru.
    78 | D        | Found a sparkling altar of Nemelex Xobeh.
    78 | D        | Found a shimmering altar of Xom.
    78 | D        | Found an ancient bone altar of Kikubaaqudgha.
    78 | D        | Noticed a yak
    79 | D        | Found a burning altar of Makhleb.
    79 | D        | Found a sacrificial altar of Ru.
    79 | D        | Found a glowing golden altar of the Shining One.
    79 | D        | Found an opulent altar of Gozag.
    79 | D        | Found a glowing silver altar of Zin.
    80 | D        | Killed a yak
    80 | D        | Reached skill level 5 in Short Blades
    80 | D        | Reached skill level 18 in Stealth
    81 | D        | Found a bloodstained altar of Trog.
   101 | D        | Found a viscous altar of Jiyva.
   101 | D        | Found a blossoming altar of Fedhas.
   101 | D        | Noticed a slime creature
   102 | D        | Found a snail-covered altar of Cheibriados.
   102 | D        | Found a shadowy altar of Dithmenos.
   104 | D        | Killed a slime creature
   104 | D        | Reached skill level 20 in Stealth
   104 | D        | Reached XP level 7. HP: 51/51 MP: 7/7
   116 | D        | Noticed a kobold demonologist
   117 | D        | Noticed a kobold demonologist
   123 | D        | Noticed a ynoxinul
   134 | D        | Noticed a smoke demon
   135 | D        | Killed a kobold demonologist
   135 | D        | Reached skill level 21 in Stealth
   152 | D        | HP: 2/51 [poisoned by a kobold demonologist]
   445 | D        | Noticed a smoke demon
   448 | D        | Killed a kobold demonologist
   448 | D        | Reached skill level 22 in Stealth
   448 | D        | Reached XP level 8. HP: 13/57 MP: 8/8
   759 | D        | Noticed a demonic crawler
   759 | D        | Noticed a demonic crawler
   759 | D        | Noticed a demonic crawler
   759 | D        | Noticed a demonic crawler
   782 | D        | Slain by a demonic crawler

Vault maps used:
D:        dungeon_sprint_1

Action                   |  1- 3 |  4- 6 |  7- 9 || total
-------------------------+-------+-------+-------++-------
Melee: Dagger            |    16 |     4 |    49 ||    69
 Abil: End Transformatio |       |       |     1 ||     1
       Bat Form          |       |       |     1 ||     1
  Use: Potion            |       |       |     1 ||     1
 Stab: Sleeping          |     1 |     4 |       ||     5
       Distracted        |       |       |     1 ||     1
